 Dungeon Crawl Stone Soup version 0.25-a0-378-gd2ca0b7745 (webtiles) character file.

Game seed: 12794307246704572617, levelgen mode: deterministic

288 PentaManta the Changer (level 6, -1/64 HPs)
             Began as a Merfolk Transmuter on Jan 7, 2020.
             Slain by a killer bee (2 damage)
             ... on level 2 of the Dungeon.
             The game lasted 00:06:28 (1894 turns).

PentaManta the Changer (Merfolk Transmuter)         Turns: 1894, Time: 00:06:28

Health: -1/64      AC: 23    Str: 11    XL:     6   Next: 31%
Magic:  1/13       EV:  2    Int: 19    God:
Gold:   130        SH:  0    Dex: 14    Spells: 9/15 levels left

rFire    . . .     SeeInvis .     - Unarmed
rCold    . . .     Gourm    .   (no shield)
rNeg     + + +     Faith    +   (armour currently unavailable)
rPois    +         Spirit   .   (helmet currently unavailable)
rElec    .         Reflect  .   (cloak currently unavailable)
rCorr    .         Harm     .   (gloves currently unavailable)
MR       .....     NoTele   +   (boots currently unavailable)
Stlth    +.........             j - amulet of faith
HPRegen  0.20/turn              (no ring)
MPRegen  0.13/turn              (no ring)

@: brilliant, lethally poisoned (-1 -> -6), tree-form
A: (change form in water), (swift swim), (stealthy swim)
a: no special abilities


You were on level 2 of the Dungeon.
You were very hungry.
You were a tree.
You visited 1 branch of the dungeon, and saw 2 of its levels.

You collected 130 gold pieces.

Inventory:

Missiles
 a - 12 arrows
Armour
 b - a +1 robe (melded)
Jewellery
 j - an amulet of faith (around neck)
Scrolls
 e - a scroll of enchant armour
Potions
 c - a potion of lignification
 g - a potion of resistance
 h - a potion of agility
 i - a potion of cancellation
Comestibles
 d - 7 rations


   Skills:
 - Level 1.1 Fighting
 - Level 2.6 Dodging
 - Level 3.2 Unarmed Combat
 * Level 5.0 Spellcasting
 + Level 5.2 Transmutations


You had 9 spell levels left.
You knew the following spells:

 Your Spells              Type           Power        Failure   Level  Hunger
a - Beastly Appendage     Tmut           #####.       1%          1    None
b - Spider Form           Tmut/Pois      ####......   1%          3    ##.....
c - Sticks to Snakes      Tmut           #####...     1%          2    #......

Your spell library contained the following spells:

 Spells                   Type           Power        Failure   Level  Hunger
 Magic Dart               Conj           ###.         1%          1    None
 Blink                    Tloc           N/A          2%          2    #......
 Call Imp                 Summ           ###.....     2%          2    #......
 Slow                     Hex            ###.....     2%          2    #......
 Conjure Flame            Conj/Fire      ###.....     4%          3    ##.....
 Mephitic Cloud           Conj/Pois/Air  ###.....     4%          3    ##.....
 Ice Form                 Ice/Tmut       ####....     4%          4    ####...
 Blade Hands              Tmut           #####.....   4%          5    ######.


Dungeon Overview and Level Annotations

Branches:
Dungeon (2/15)

Altars:
Elyvilon


Message History

Your Spellcasting skill increases to level 5!
* * * LOW HITPOINT WARNING * * *
You feel sick.
The killer bee stings you but does no damage.
You barely miss the killer bee.
* * * LOW HITPOINT WARNING * * *
You feel sick.
The killer bee stings you but does no damage. x2
You hit the killer bee but do no damage.
You punch the killer bee.
The killer bee is lightly wounded.
* * * LOW HITPOINT WARNING * * *
You feel sick. The killer bee stings you.
* * * LOW HITPOINT WARNING * * *
The killer bee stings you but does no damage.
It was a potion of brilliance.
You feel clever all of a sudden.
The killer bee stings you but does no damage.
The killer bee stings you.
You die...

♣...≈ ≈...♣
#...##...... #..≈≈
≈≈..# ######..†...
#..≈≈♣≈≈..# #......
#..≈≈≈≈≈..#
######......
#...≈≈≈...#
#...##......
#.......#
#...##...... #.....#
#...##......
#.#######...#......#
#.y♣†..............#
#########..........#
#........#
#......### #.......#
#.......#
####....#.#
.........#####
.....#........


You could see a killer bee.

Vanquished Creatures
  4 killer bees (D:2)
  Natasha (D:2)
  An adder (D:2)
  2 oozes (D:1)
  A worm (D:2)
  6 dart slugs
  A leopard gecko (D:1)
  12 giant cockroaches
  3 goblins
  10 hobgoblins
  A ball python (D:1)
  5 bats
  3 frilled lizards
  4 kobolds
  A quokka skeleton (D:2)
  2 rats
57 creatures vanquished.

Notes
Turn   | Place    | Note
-------+----------+-------------------------------------------
     0 | D:1      | PentaManta the Merfolk Transmuter began the quest for the
                  | Orb.
     0 | D:1      | Reached XP level 1. HP: 15/15 MP: 3/3
   132 | D:1      | Reached XP level 2. HP: 14/21 MP: 3/5
   484 | D:1      | Reached XP level 3. HP: 26/26 MP: 5/7
   692 | D:1      | Learned a level 3 spell: Spider Form
   695 | D:1      | Learned a level 2 spell: Sticks to Snakes
  1245 | D:2      | Reached XP level 4. HP: 30/32 MP: 3/9
  1748 | D:2      | Found a white marble altar of Elyvilon.
  1803 | D:2      | Noticed Natasha
  1814 | D:2      | Killed Natasha
  1820 | D:2      | Reached XP level 5. HP: 31/37 MP: 3/11
  1882 | D:2      | Reached skill level 5 in Transmutations
  1882 | D:2      | Reached XP level 6. HP: 19/43 MP: 4/13
  1891 | D:2      | Reached skill level 5 in Spellcasting
  1893 | D:2      | HP: 1/64 [killer bee (5)]
  1894 | D:2      | Slain by a killer bee

Levels and vault maps discovered:
D:1:      dpeg_arrival_arbitrary_c, layout_basic
D:2:      minmay_roachtagon, layout_rooms, elyvilon_altar_3, first_ration,
          grunt_decor_resistance, minmay_hexomino_r4, uniq_natasha

Skill      XL: |  1  2  3  4  5  6 |
---------------+-------------------+-----
Transmutations | 3 4 5 |  5.2
Spellcasting   | 3 4 5 |  5.0
Fighting       | |  1.1
Dodging        | |  2.6
Unarmed Combat | |  3.2

Action                   |  1- 3 |  4- 6 || total
-------------------------+-------+-------++-------
Melee: Unarmed           |   101 |    73 ||   174
       Headbutt          |    15 |     3 ||    18
       Punch             |     1 |     1 ||     2
 Cast: Beastly Appendage |    23 |     7 ||    30
       Spider Form       |     1 |     4 ||     5
  Use: Scroll            |       |     5 ||     5
       Potion            |       |     2 ||     2
 Stab: Sleeping          |     2 |       ||     2
  Eat: Chunk             |     1 |     2 ||     3
Armor: Robe              |    17 |     5 ||    22
       Skin              |       |    19 ||    19
Dodge: Dodged            |    63 |    89 ||   152

Table legend:
 A = Non-vault XP
 B = Vault XP
 C = Vault XP percentage of total XP
 D = Non-vault monster count
 E = Vault monster count
 F = Vault count percentage of total count
                 A         B        C        D         E       F
            +---------+---------+-------+---------+---------+-------
      Total |     346 |      66 |  16.0 |      42 |      15 |  26.3
            +---------+---------+-------+---------+---------+-------
        D:1 |      61 |       0 |   0.0 |      26 |       0 |   0.0
        D:2 |     285 |      66 |  18.8 |      16 |      15 |  48.4
            +---------+---------+-------+---------+---------+-------
